 Dungeon Crawl Stone Soup version 0.21.1-76-ge1a4835 (webtiles) character file.

3562 raph the Carver (level 9, -10/80 HPs)
             Began as a Minotaur Abyssal Knight on Aug 20, 2018.
             Was a High Priest of Lugonu.
             Mangled by a wyvern (14 damage)
             ... on level 9 of the Dungeon.
             The game lasted 00:26:29 (11414 turns).

raph the Carver (Minotaur Abyssal Knight)          Turns: 11414, Time: 00:26:29

Health: -10/80     AC:  7    Str: 16    XL:     9   Next: 83%
Magic:  11/12      EV: 15    Int:  9    God:    Lugonu [*****.]
Gold:   566        SH:  0    Dex: 14    Spells: 4/11 levels left

rFire    . . .     SeeInvis .   a - +2 scimitar
rCold    . . .     Gourm    .   (no shield)
rNeg     . . .     Faith    .   G - +0 leather armour {rPois}
rPois    +         Spirit   .   (helmet restricted)
rElec    .         Reflect  .   (no cloak)
rCorr    .         Harm     .   F - +0 pair of gloves
MR       .....                  n - +1 pair of boots
Stlth    +.........             (no amulet)
HPRegen  0.23/turn              f - ring of wizardry
MPRegen  0.13/turn              t - ring of poison resistance

@: barbed spikes, studying Invocations
A: retaliatory headbutt, horns 2
a: Depart the Abyss, Bend Space, Banish, Corrupt, Enter the Abyss, Renounce
Religion


You were on level 9 of the Dungeon.
You worshipped Lugonu.
Lugonu was extremely pleased with you.
You were not hungry.

You visited 1 branch of the dungeon, and saw 9 of its levels.
You visited the Abyss 1 time.

You collected 615 gold pieces.
You spent 49 gold pieces at shops.

Inventory:

Hand Weapons
 a - a +2 scimitar (weapon)
 b - a +0 blowgun
 K - a +2 falchion
Missiles
 h - 230 stones (quivered)
 j - 13 tomahawks
 o - 15 poisoned needles
 q - 4 curare-tipped needles
Armour
 n - a +1 pair of boots (worn)
 p - a +0 leather armour
 w - the +1 scale mail "Xuyforgh" {MR+}
   (You found it on level 5 of the Dungeon)

   It affects your resistance to hostile enchantments.
 F - a +0 pair of gloves (worn)
 G - a +0 leather armour of poison resistance (worn)
Magical Staves
 J - an uncursed staff of poison
 L - an uncursed staff of power
Jewellery
 f - a ring of wizardry (left hand)
 t - a ring of poison resistance (right hand)
 z - an uncursed ring of ice
 E - an uncursed ring of protection from fire
 I - an uncursed ring of see invisible
Wands
 x - a wand of random effects (28)
 C - a wand of enslavement (19)
 H - a wand of acid (5)
Scrolls
 e - 2 scrolls of amnesia
 g - 6 scrolls of identify
 l - 2 scrolls of remove curse
 m - 3 scrolls of fear
 u - a scroll of fog
 A - a scroll of holy word
 B - 2 scrolls of teleportation
Potions
 d - 4 potions of resistance
 i - 3 potions of agility
 r - a potion of curing
 v - a potion of magic
Books
 k - a manual of Invocations
 s - a book of Necromancy

   Spells                             Type                      Level
   a - Pain                           Necromancy                   1
   b - Animate Skeleton               Necromancy                   1
   c - Vampiric Draining              Necromancy                   3
   d - Regeneration                   Charms/Necromancy            3
   e - Animate Dead                   Necromancy                   4
   f - Borgnjor's Vile Clutch         Necromancy/Earth             5
 y - a book of Cantrips

   Spells                             Type                      Level
   a - Confusing Touch                Hexes                        1
   b - Animate Skeleton               Necromancy                   1
   c - Summon Small Mammal            Summoning                    1
   d - Apportation                    Translocation                1
 D - a book of Minor Magic

   Spells                             Type                      Level
   a - Magic Dart                     Conjuration                  1
   b - Blink                          Translocation                2
   c - Call Imp                       Summoning                    2
   d - Slow                           Hexes                        2
   e - Conjure Flame                  Conjuration/Fire             3
   f - Mephitic Cloud                 Conjuration/Poison/Air       3
Comestibles
 c - 17 rations


   Skills:
 + Level 7.7 Fighting
 * Level 9.7 Long Blades
 - Level 5.3 Armour
 + Level 6.0 Dodging
 - Level 1.5 Spellcasting
 + Level 3.3 Necromancy
 + Level 5.6 Invocations


You had 4 spell levels left.
You knew the following spells:

 Your Spells              Type           Power        Failure   Level  Hunger
a - Animate Skeleton      Necr           N/A          4%          1    ##.....
b - Regeneration          Chrm/Necr      #.........   26%         3    ####...
c - Vampiric Draining     Necr           #.........   13%         3    ####...


Dungeon Overview and Level Annotations

Branches:
Dungeon (9/15)             Temple (0/1) D:5
   Lair: D:8-11         Orc: D:9-12

Altars:
Ashenzari
Cheibriados
Elyvilon
Gozag
Makhleb
Nemelex Xobeh
Qazlal
Ru
Uskayaw
Vehumet
Wu Jian
Yredelemnul
Zin
The Shining One

Shops:
D:5 :   D:6 [


Innate Abilities, Weirdness & Mutations

You reflexively headbutt those who attack you in melee.
You have a pair of horns on your head.


Message History

You hit the centaur warrior but do no damage.
You headbutt the centaur warrior.
The centaur warrior is moderately wounded.
The wyvern bites you!
* * * LOW HITPOINT WARNING * * *
The kobold demonologist hits you but does no damage.
Space bends around you!
You blink.
The centaur warrior wields an uncursed shortbow.
The centaur warrior shoots an arrow.
The arrow hits you!
* * * LOW HITPOINT WARNING * * *
The manticore flicks its tail.
The volley of spikes misses you.
Okay, then.
You fail to use your ability.
The manticore flicks its tail.
The volley of spikes hits you!
The barbed spikes become lodged in your body.
* * * LOW HITPOINT WARNING * * *
You fail to use your ability.
The wyvern bites you!
You die...

.......#..#.........#
..........#.........#...
.......##.#.........#...
.......##...............
.......##.............##....
..#######.............##....
..# #.................. ..#
#.######....#....#### ..#
#.#.....@............ ###
#.#.....l##..........
#.#......##..H.......
#.#.....(3.lKc.......
#.#....#...(#........
#...........#........
#...##......#........
#...##......#........
#...........#........


You could see a manticore, a smoke demon and a wyvern.

Vanquished Creatures
  Prince Ribbit (D:6)
  2 hippogriffs (D:9)
  A spriggan (D:8)
  An orc warrior (D:6)
  An ice beast (D:7)
  A sky beast (D:9)
  The ghost of Robin the Grasshopper, an amateur GnWr (D:7)
  A necrophage (D:8)
  An ogre (D:6)
  A centaur (D:8)
  5 bullfrogs
  3 scorpions
  4 killer bees (D:9)
  A troll zombie (D:8)
  5 wights
  A crimson imp (D:6)
  2 howler monkeys
  A centaur zombie (D:6)
  A quasit (D:7)
  3 human zombies (D:8)
  2 orc priests
  A centaur skeleton (D:4)
  A hound (D:7)
  An orc wizard (D:8)
  2 human skeletons (D:8)
  3 iguanas
  Terence (D:2)
  5 worker ants
  2 ogre skeletons (D:8)
  A hound zombie (D:9)
  2 hound skeletons (D:7)
  A mummy (D:8)
  11 gnolls
  5 adders
  4 shadow imps
  4 oozes
  2 adder skeletons (D:7)
  2 dart slugs
  2 worms
  4 leopard geckos
  26 orcs
  2 ball pythons
  11 bats
  4 giant cockroaches
  8 goblins
  13 hobgoblins
  8 jackals
  12 kobolds
  6 quokkas
  5 frilled lizards
  A leopard gecko skeleton (D:5)
  13 rats
202 creatures vanquished.

Vanquished Creatures (collateral kills)
  A hippogriff (D:9)
  Sigmund (D:6)
  A howler monkey zombie (D:6)
  An adder skeleton (D:8)
  2 orcs (D:6)
6 creatures vanquished.

Vanquished Creatures (others)
  An orc wizard (D:4)
  An orc (D:4)
2 creatures vanquished.

Grand Total: 210 creatures vanquished

Notes
Turn   | Place    | Note
-------+----------+-------------------------------------------
     0 | Abyss:1  | raph the Minotaur Abyssal Knight began the quest for the Orb.
     0 | Abyss:1  | Reached XP level 1. HP: 19/19 MP: 1/1
    59 | D:1      | Escaped the Abyss
   433 | D:1      | Reached XP level 2. HP: 26/27 MP: 2/2
   698 | D:1      | Reached skill level 3 in Long Blades
   862 | D:1      | Reached ** piety under Lugonu
  1271 | D:1      | Reached XP level 3. HP: 22/33 MP: 3/3
  1614 | D:2      | Reached XP level 4. HP: 24/40 MP: 4/4
  2071 | D:2      | Reached skill level 4 in Long Blades
  2786 | D:2      | Noticed Terence
  3024 | D:3      | Reached XP level 5. HP: 41/47 MP: 5/5
  3574 | D:3      | Reached *** piety under Lugonu
  3986 | D:3      | Learned a level 1 spell: Animate Skeleton
  4395 | D:4      | Found a hide-covered altar of Uskayaw.
  4404 | D:4      | Found a shattered altar of Ashenzari.
  4407 | D:4      | Found a glowing silver altar of Zin.
  4463 | D:4      | Reached XP level 6. HP: 50/53 MP: 7/7
  4680 | D:4      | Reached skill level 5 in Long Blades
  4904 | D:4      | Found a white marble altar of Elyvilon.
  5201 | D:5      | Entered Level 5 of the Dungeon
  5231 | D:5      | Got a smoking scale mail
  5247 | D:5      | Reached skill level 5 in Fighting
  5258 | D:5      | Reached **** piety under Lugonu
  5301 | D:5      | Identified the cursed +1 scale mail "Xuyforgh" {MR+} (You found it on level 5 of the Dungeon)
  5410 | D:5      | Found a glowing golden altar of the Shining One.
  5429 | D:5      | Found a sparkling altar of Nemelex Xobeh.
  5430 | D:5      | Found an opulent altar of Gozag.
  5576 | D:5      | Found a radiant altar of Vehumet.
  5620 | D:5      | Learned a level 3 spell: Regeneration
  5718 | D:5      | Found Lotetar's Book Emporium.
  5853 | D:5      | Found a staircase to the Ecumenical Temple.
  6039 | D:5      | Found a sacrificial altar of Ru.
  6239 | D:2      | Killed Terence
  6481 | D:3      | Found a burning altar of Makhleb.
  6562 | D:6      | Noticed Prince Ribbit
  6613 | D:6      | Found a snail-covered altar of Cheibriados.
  6757 | D:6      | Reached XP level 7. HP: 61/61 MP: 6/8
  6816 | D:6      | Noticed Sigmund
  6824 | D:6      | Killed Sigmund
  6824 | D:6      | Reached skill level 6 in Long Blades
  6831 | D:6      | Reached skill level 1 in Necromancy
  6841 | D:6      | HP: 2/61 [orc priest (5)]
  7176 | D:6      | Killed Prince Ribbit
  7176 | D:6      | Reached skill level 1 in Spellcasting
  7176 | D:6      | Reached XP level 8. HP: 70/70 MP: 9/9
  7399 | D:6      | Found an ornate altar of the Wu Jian Council.
  7558 | D:6      | Reached skill level 7 in Long Blades
  7558 | D:6      | Reached skill level 5 in Armour
  7576 | D:6      | Found a stormy altar of Qazlal.
  7846 | D:6      | Found Juub's Armour Boutique.
  7849 | D:6      | Bought a +0 pair of gloves for 49 gold pieces
  8208 | D:7      | Learned a level 3 spell: Vampiric Draining
  8680 | D:7      | Reached ***** piety under Lugonu
  9194 | D:7      | Noticed Robin's ghost (amateur GnWr)
  9229 | D:7      | Killed Robin's ghost
  9229 | D:7      | Reached skill level 8 in Long Blades
  9484 | D:8      | Reached XP level 9. HP: 59/78 MP: 11/11
  9794 | D:8      | Reached skill level 5 in Dodging
 10334 | D:8      | Reached skill level 5 in Invocations
 10456 | D:8      | Found a basalt altar of Yredelemnul.
 10712 | D:9      | Reached skill level 9 in Long Blades
 11403 | D:9      | Noticed a kobold demonologist
 11403 | D:9      | Noticed a centaur warrior
 11404 | D:9      | Noticed a manticore
 11406 | D:9      | Noticed a smoke demon
 11413 | D:9      | HP: 4/80 [manticore/volley of spikes (8)]
 11414 | D:9      | Mangled by a wyvern

Skill      XL: |  1  2  3  4  5  6  7  8  9 |
---------------+----------------------------+-----
Invocations    | 2 3 4 5 |  5.6
Long Blades    | 3 4 5 6 8 9 |  9.7
Fighting       | 4 5 6 7 |  7.7
Armour         | 3 4 5 |  5.3
Dodging        | 2 3 4 6 |  6.0
Necromancy     | 1 2 3 |  3.3
Spellcasting   | 1 |  1.5

Action                   |  1- 3 |  4- 6 |  7- 9 || total
-------------------------+-------+-------+-------++-------
Melee: Falchion          |    55 |   260 |   229 ||   544
       Headbutt          |     7 |    50 |    79 ||   136
       Scimitar          |       |       |    91 ||    91
 Fire: Blowgun           |       |     9 |     4 ||    13
 Cast: Animate Skeleton  |       |    14 |    21 ||    35
       Regeneration      |       |       |     2 ||     2
       Vampiric Draining |       |       |     2 ||     2
Invok: Bend Space        |       |     2 |     1 ||     3
  Use: Scroll            |     5 |    12 |     6 ||    23
       Potion            |       |       |     5 ||     5
 Stab: Distracted        |       |     1 |       ||     1
       Sleeping          |       |       |     1 ||     1
  Eat: Chunk             |     2 |    14 |    13 ||    29
       Ration            |       |     1 |     1 ||     2
Armor: Leather armour    |    14 |    61 |    40 ||   115
       Scale mail        |       |    17 |    42 ||    59
Dodge: Dodged            |    47 |   170 |   191 ||   408
       Rpst.: Falchion   |    14 |    43 |    40 ||    97
       Scimitar          |       |       |    17 ||    17
